 Dungeon Crawl Stone Soup version 0.28.0-53-g5a82cb258f (webtiles) character file.

Game seed: 10361278103856571930

23702 olmar the Basher (level 13, -5/126 HPs)
             Began as a Gargoyle Fighter on Aug 3, 2022.
             Was an Elder of Lugonu.
             Slain by an Executioner (9 damage)
             ... created by the fury of Makhleb
             ... on level 2 of the Lair of Beasts on Aug 6, 2022.
             The game lasted 00:26:28 (13775 turns).

olmar the Basher (Gargoyle Fighter)                Turns: 13775, Time: 00:26:28

Health: -5/126     AC: 23    Str: 29    XL:     13   Next: 8%
Magic:  13/13      EV: 16    Int: 13    God:    Lugonu [****..]
Gold:   1029       SH:  6    Dex:  9    Spells: 12/12 levels left

rFire   + . .      SeeInvis .   f - +0 flail (protect)
rCold   + . .      Faith    .   c - +0 buckler
rNeg    + . .      Spirit   .   u - +0 troll leather armour {Pargi}
rPois   ∞          Reflect  .   k - +0 helmet
rElec   +          Harm     .   h - scarf {rC+ rF+}
rCorr   .          Rampage  .   (no gloves)
Will    .....                   (no boots)
Stlth   ..........              l - amulet of regeneration
HPRegen 1.91/turn               g - +4 ring of evasion
MPRegen 0.13/turn               E - +6 ring of strength

@: berserking, under a protective aura, very quick
A: sickness immunity, AC +9, negative energy resistance 1, electricity
resistance, torment resistance 1, petrification resistance, clever 1, MP-powered
wands
a: Renounce Religion, Depart the Abyss, Bend Space, Banish, Corrupt


You were on level 2 of the Lair of Beasts.
You worshipped Lugonu.
Lugonu was greatly pleased with you.
You visited 3 branches of the dungeon, and saw 16 of its levels.
You visited the Abyss 1 time.
You also visited: Sewer.

You collected 1029 gold pieces.

Inventory:

Hand Weapons
 f - a +0 flail of protection (weapon)
 s - a +0 mace of venom
Armour
 c - a +0 buckler (worn)
 h - a scarf of resistance (worn)
 k - a +0 helmet (worn)
 p - a +2 ring mail of cold resistance
 t - +0 steam dragon scales
 u - a +0 troll leather armour (worn) {Pargi}
Jewellery
 g - a +4 ring of evasion (left hand)
 l - an amulet of regeneration (around neck)
 v - the ring "Omaiguak" {Str+2 Int+6}
   (You found it on level 5 of the Dungeon)

   [ring of intelligence]

   Str:       It affects your strength (+2).
   Int:       It affects your intelligence (+6).
 E - a +6 ring of strength (right hand)
 F - a ring of flight
 J - a ring of ice
Wands
 o - a wand of mindburst (3)
Scrolls
 a - 3 scrolls of identify
 d - a scroll of magic mapping
 e - a scroll of enchant armour {unknown}
 m - a scroll of noise
 q - 2 scrolls of immolation {unknown}
 w - a scroll of enchant weapon
 y - a scroll of amnesia {unknown}
 z - 2 scrolls of silence {unknown}
 A - 2 scrolls of vulnerability
 C - a scroll of fear
 K - 3 scrolls of acquirement {unknown}
Potions
 b - a potion of magic
 j - 2 potions of heal wounds
 n - a potion of haste {unknown}
 r - 3 potions of brilliance
 x - 3 potions of attraction
 B - a potion of mutation
 D - a potion of lignification
 G - a potion of berserk rage
 H - 3 potions of curing
 I - 2 potions of degeneration {unknown}


   Skills:
 + Level 11.5 Fighting
 + Level 14.8 Maces & Flails
 + Level 7.8 Armour
 - Level 4.0 Dodging
 - Level 0.4 Stealth
 + Level 10.1 Shields
 - Level 1.2 Unarmed Combat
 + Level 0.3 Invocations
 - Level 1.7 Evocations


You had 12 spell levels left.
You didn't know any spells.
Your spell library contained the following spells:

 Spells                   Type           Power      Damage    Failure   Level
 Animate Skeleton         Necr           0%         N/A       38%         1
 Pain                     Necr           0%         1d4       38%         1
 Call Canine Familiar     Summ           0%         N/A       77%         3
 Ozocubu's Armour         Ice            0%         N/A       77%         3
 Portal Projectile        Hex/Tloc       0%         N/A       77%         3
 Vampiric Draining        Necr           0%         2d6       77%         3
 Animate Dead             Necr           0%         N/A       99%         4
 Leda's Liquefaction      Hex/Erth       0%         N/A       99%         4
 Alistair's Intoxication  Tmut/Pois      0%         N/A       100%        5
 Borgnjor's Vile Clutch   Necr/Erth      0%         N/A       100%        5
 Eringya's Noxious Bog    Tmut/Pois      0%         N/A       100%        6
 Haunt                    Necr/Summ      0%         N/A       100%        7
 Ozocubu's Refrigeration  Ice            0%         4d5       100%        7
 Infestation              Necr           0%         N/A       100%        8


Dungeon Overview and Level Annotations

Branches:
Dungeon (12/15)            Temple (1/1) D:7            Lair (3/6) D:10
  Sewer (visited)
  Swamp: Lair:2-4    Shoals: Lair:2-4     Snake: Lair:2-4    Spider: Lair:2-4
    Orc: D:9-12

Altars:
Ashenzari
Cheibriados
Dithmenos
Elyvilon
Fedhas
Gozag
Hepliaklqana
Kikubaaqudgha
Makhleb
Nemelex Xobeh
Okawaru
Qazlal
Ru
Sif Muna
Trog
Uskayaw
Vehumet
Wu Jian
Xom
Yredelemnul
Zin
The Shining One

Shops:
D:1 *   D:6 [   D:11 ?

Annotations:
D:4 1 transporter, DemonSlayer's ghost, amateur DsFE
D:7 4 runed translucent doors


Innate Abilities, Weirdness & Mutations

You are immune to sickness and miasma.
Your stone body is resilient. (AC +9)
You are immune to poison.
You resist negative energy. (rN+)
You are resistant to electric shocks. (rElec)
You are resistant to unholy torment.
You are immune to petrification.
Your mind is acute. (Int +2)
You expend magic power (3 MP) to strengthen your wands.


Message History

The Executioner barely misses you.
The Executioner hits you but does no damage.
You miss the Executioner. The Executioner closely misses you.
The Executioner hits you but does no damage.
You block the Executioner's attack.
You miss the Executioner. The Executioner hits you!
* * * LOW HITPOINT WARNING * * *
The Executioner closely misses you. The Executioner misses you.
The hellwing swoops through the air toward you!
The hellwing closely misses you. The hellwing misses you.
The Executioner barely misses you.
The Executioner hits you but does no damage. x2
Unknown command.
You hit the Executioner.
The Executioner is lightly wounded.
The Executioner hits you.
* * * LOW HITPOINT WARNING * * *
The Executioner barely misses you. The Executioner misses you.
Unknown command.
You closely miss the Executioner.
The Executioner is lightly wounded.
The Executioner hits you.
* * * LOW HITPOINT WARNING * * *
You block the Executioner's attack.
The Executioner hits you but does no damage.
The hellwing hits you!
* * * LOW HITPOINT WARNING * * *
The hellwing misses you.
The Executioner hits you but does no damage. x3
You closely miss the Executioner.
The Executioner is lightly wounded.
The Executioner hits you.
* * * LOW HITPOINT WARNING * * *
The Executioner closely misses you.
The Executioner hits you but does no damage.
Unknown command.
You closely miss the Executioner.
The Executioner is lightly wounded.
The Executioner hits you!
You die...

.......####.##...P...#########...
.......##.............###....##..
....P..##............<.......#...
...##...................#....#...
.......#......1.##....##.........
###.#.......>...##....###...###..
#P..#..P...#.#####....##....P##..
........##.....###....#...P.P##..
...............1@4...............
.##P#....###..####...##P##.######
########## #### ########### #


You could see an Executioner (fast) and a hellwing.

Vanquished Creatures
  4 hydras
  Erica (D:11)
  5 two-headed ogres
  Sonja (D:11)
  2 cyclopes
  A smoke demon (Lair:2)
  An orange demon (Lair:3)
  A gargoyle (D:5)
  6 cane toads
  Psyche (D:8)
  A rime drake (Lair:2)
  A komodo dragon (Lair:1)
  2 hellwings
  A troll (D:12)
  Grinder (D:6)
  A slime creature (D:7)
  10 blink frogs
  2 wraiths (D:12)
  2 wyverns
  17 yaks
  A shadow (D:12)
  A ynoxinul (D:11)
  A neqoxec (Lair:2)
  A steam dragon (D:5)
  5 basilisks
  7 vampire mosquitoes
  8 water moccasins
  2 acid dragons
  3 orc warriors
  An ice beast (D:5)
  Pargi (Sewer)
  3 black bears
  A sky beast (D:7)
  2 necrophages
  5 centaurs
  3 wolves (Lair:1)
  4 ogres
  2 phantoms (D:6)
  A kobold brigand (D:9)
  11 bullfrogs
  2 scorpions
  A water moccasin zombie (D:5)
  A water moccasin skeleton (D:4)
  5 wights
  5 killer bees (D:4)
  2 howler monkeys
  4 centaur zombies
  4 bullfrog zombies
  2 jellies
  2 hounds (D:7)
  2 bullfrog skeletons
  An orc priest (D:7)
  2 scorpion zombies (D:4)
  3 iguanas (D:5)
  8 orc wizards
  2 hound skeletons
  Robin (D:2)
  A howler monkey zombie (D:10)
  16 gnolls
  A howler monkey skeleton (D:7)
  10 adders
  2 shadow imps
  3 white imps
  An ufetubus (D:6)
  An adder zombie (D:4)
  An adder skeleton (D:4)
  6 worms
  A dart slug (D:1)
  21 orcs
  7 ball pythons
  9 endoplasms
  4 giant cockroaches
  18 goblins
  13 hobgoblins
  7 jackals (D:3)
  10 kobolds
  4 quokkas
  9 bats
  4 frilled lizards
  6 rats
326 creatures vanquished.

Vanquished Creatures (others)
  A bullfrog (Lair:2)
  9 fungi
  7 plants
  4 starspawn tentacles (Abyss:2)
  A withered plant (D:4)
22 creatures vanquished.

Grand Total: 348 creatures vanquished

Notes
Turn   | Place    | Note
-------+----------+-------------------------------------------
     0 | D:1      | olmar the Gargoyle Fighter began the quest for the Orb.
     0 | D:1      | Reached XP level 1. HP: 14/14 MP: 1/1
   395 | D:1      | Reached XP level 2. HP: 19/19 MP: 2/2
   472 | D:1      | Found a faded altar of an unknown god.
   733 | D:1      | Found Liqoc's Assorted Antiques.
   845 | D:1      | Reached XP level 3. HP: 24/24 MP: 3/3
  1422 | D:2      | Reached XP level 4. HP: 14/30 MP: 4/4
  1702 | D:2      | Noticed Robin
  2307 | D:2      | Reached XP level 5. HP: 31/34 MP: 5/5
  2319 | D:2      | Reached skill level 3 in Maces & Flails
  2505 | D:2      | Killed Robin
  3559 | D:4      | Reached XP level 6. HP: 30/40 MP: 6/6
  3818 | D:4      | Reached skill level 4 in Maces & Flails
  3936 | D:4      | Reached skill level 1 in Dodging
  4138 | D:4      | Found a transporter.
  4140 | D:4      | Noticed DemonSlayer's ghost (amateur DsFE)
  4208 | D:4      | Noticed a water moccasin
  4237 | D:4      | Killed a water moccasin
  4238 | D:4      | Reached XP level 7. HP: 15/44 MP: 7/7
  4247 | D:4      | Reached skill level 5 in Maces & Flails
  4476 | D:4      | Reached skill level 5 in Fighting
  4476 | D:4      | Reached skill level 5 in Armour
  4577 | D:4      | Found a sparkling altar of Nemelex Xobeh.
  4893 | D:4      | Reached XP level 8. HP: 49/49 MP: 8/8
  4910 | D:5      | Entered Level 5 of the Dungeon
  5093 | D:5      | Reached skill level 6 in Maces & Flails
  5116 | D:5      | Found a glowing drain.
  5120 | Sewer    | Entered a sewer
  5160 | Sewer    | Noticed Pargi
  5174 | Sewer    | Killed Pargi
  5416 | D:5      | Identified the ring "Omaiguak" {Str+2 Int+6}
  5530 | D:5      | Noticed a yak
  5567 | D:5      | Killed a yak
  5568 | D:5      | Reached skill level 5 in Shields
  5720 | D:5      | Reached skill level 7 in Maces & Flails
  5740 | D:5      | Reached skill level 1 in Evocations
  5748 | D:5      | Reached XP level 9. HP: 41/55 MP: 9/9
  6278 | D:5      | Noticed a gargoyle
  6299 | D:5      | Killed a gargoyle
  6300 | D:5      | Reached skill level 8 in Maces & Flails
  6811 | D:6      | Noticed Grinder
  6827 | D:6      | Killed Grinder
  7130 | D:6      | Found an opulent altar of Gozag.
  7186 | D:6      | Reached skill level 9 in Maces & Flails
  7348 | D:6      | Found Wiutaydgh's Antique Armour Boutique.
  7512 | D:7      | Reached XP level 10. HP: 61/61 MP: 10/10
  7518 | D:7      | Found a large runed translucent door.
  7518 | D:7      | Found a large runed translucent door.
  7575 | D:7      | Found a large runed translucent door.
  7575 | D:7      | Found a large runed translucent door.
  7578 | D:7      | Noticed a gargoyle
  7864 | D:7      | Found an ornate altar of the Wu Jian Council.
  7906 | D:7      | Found a staircase to the Ecumenical Temple.
  7943 | D:7      | Noticed an eight-headed hydra
  8010 | Temple   | Entered the Ecumenical Temple
  8122 | Temple   | Became a worshipper of Makhleb the Destroyer
  8349 | D:7      | Reached skill level 10 in Maces & Flails
  8350 | D:7      | Noticed a cyclops
  8366 | D:7      | Killed a cyclops
  8529 | D:8      | Noticed Psyche
  8615 | D:8      | Cast into level 2 of the Abyss (Psyche)
  8689 | Abyss:2  | Noticed a spatial maelstrom
  8689 | Abyss:2  | Noticed a tentacled starspawn
  8699 | Abyss:2  | Noticed a shadow dragon
  8702 | Abyss:2  | Noticed a starcursed mass
  8706 | Abyss:2  | Found a corrupted altar of Lugonu.
  8764 | Abyss:2  | Noticed an eidolon
  8800 | Abyss:2  | Noticed a rakshasa
  8800 | Abyss:2  | Noticed a wretched star
  8807 | Abyss:2  | Gained mutation: You expend magic power (3 MP) to
                  | strengthen your wands. [potion of mutation]
  8807 | Abyss:2  | Gained mutation: Your mind is acute. (Int +2) [potion of
                  | mutation]
  8820 | Abyss:2  | Found a corrupted altar of Lugonu.
  8823 | Abyss:2  | Fell from the grace of Makhleb
  8823 | Abyss:2  | Became a worshipper of Lugonu the Unformed
  8823 | Abyss:2  | Reached * piety under Lugonu
  8824 | D:8      | Escaped the Abyss
  8840 | D:8      | Killed Psyche
  9578 | D:8      | Identified the +1 falchion "Worm's Wrath" {drain, Int+2
                  | Dex+6}
  9830 | D:9      | Noticed a two-headed ogre
  9838 | D:9      | Killed a two-headed ogre
  9839 | D:9      | Reached skill level 1 in Unarmed Combat
  9962 | D:9      | Reached skill level 11 in Maces & Flails
  9988 | D:9      | Noticed a blizzard demon
  9988 | D:9      | Noticed an orange demon
 10007 | D:10     | Entered Level 10 of the Dungeon
 10107 | D:10     | Reached XP level 11. HP: 14/68 MP: 1/11
 10111 | D:10     | HP: 5/102 [orc/+0 trident (6)]
 10235 | D:10     | Found a hide-covered altar of Uskayaw.
 10337 | D:10     | Reached ** piety under Lugonu
 10402 | D:10     | Found a staircase to the Lair.
 10425 | D:10     | Noticed a four-headed hydra
 10435 | D:10     | Killed a four-headed hydra
 10453 | D:10     | Reached skill level 12 in Maces & Flails
 10793 | D:10     | Noticed a lindwurm
 10793 | D:10     | Noticed a lindwurm
 10795 | D:10     | Noticed a lindwurm
 10795 | D:10     | Noticed a lindwurm
 10875 | D:11     | Found Touci's Magic Scroll Boutique.
 10897 | D:11     | Noticed Sonja
 10916 | D:11     | Killed Sonja
 11123 | D:11     | Noticed a two-headed ogre
 11157 | D:11     | Killed a two-headed ogre
 11225 | D:11     | Noticed Erica
 11229 | D:11     | Noticed a two-headed ogre
 11255 | D:11     | Killed Erica
 11266 | D:11     | Killed a two-headed ogre
 11340 | D:12     | Noticed a two-headed ogre
 11344 | D:12     | Killed a two-headed ogre
 11345 | D:12     | Reached skill level 13 in Maces & Flails
 11542 | D:12     | Reached XP level 12. HP: 76/76 MP: 12/12
 11557 | D:12     | Noticed a five-headed hydra
 11570 | D:12     | Killed a five-headed hydra
 11616 | D:12     | Noticed a two-headed ogre
 11622 | D:12     | Killed a two-headed ogre
 11720 | Lair:1   | Entered Level 1 of the Lair of Beasts
 11755 | Lair:1   | Reached skill level 10 in Fighting
 11798 | Lair:1   | Reached *** piety under Lugonu
 11976 | Lair:1   | Noticed a seven-headed hydra
 11988 | Lair:1   | Killed a seven-headed hydra
 11989 | Lair:1   | Reached skill level 14 in Maces & Flails
 13135 | Lair:2   | Reached skill level 10 in Shields
 13454 | Lair:3   | Noticed a four-headed hydra
 13472 | Lair:3   | Killed a four-headed hydra
 13473 | Lair:3   | Reached XP level 13. HP: 60/84 MP: 13/13
 13556 | Lair:3   | Reached **** piety under Lugonu
 13714 | Lair:3   | Noticed a balrug
 13759 | Lair:2   | Was forgiven by Makhleb
 13760 | Lair:2   | Noticed an Executioner
 13773 | Lair:2   | HP: 3/126 [hellwing[the fury of Makhleb] (7)]
 13775 | Lair:2   | Slain by an Executioner

Illustrated notes

Levels and vault maps discovered:
D:1:      lightli_iron_boxes, layout_basic, serial_shops, shop_statue,
          shapermc_ecumenical_altar_totnotflames
D:2:      layout_basic, supply_closet_lemuel, uniq_robin
D:3:      cheibrodos_old_hovel, layout_basic, kennysheep_cross_bottleneck
D:4:      layout_cave_pools, lemuel_round_altar, gammafunk_ghost_mausoleum,
          serial_undead, serial_undead_c, serial_undead_c, serial_undead_b,
          serial_undead_a, minmay_small_thing
D:5:      layout_loops_corners, gup_sewer_entry_spiral,
          nicolae_concentric_dashed_squares_mild, minmay_pentangle
D:6:      layout_basic, mainiacjoe_overflow_concentric_impassable,
          nicolae_take_the_stairs, uniq_grinder
D:7:      layout_rooms, mainiacjoe_overflow_surrounded_room,
          minmay_temple_entry_poolview, eino_tiny_chamber,
          minmay_hollow_rounded_squares
D:8:      layout_cave_pods, columned_hall_lemuel, uniq_psyche
D:9:      layout_basic, orc_0_dummy, interstate_on_off
D:10:     layout_rooms, nicolae_uskayaw_murder_on_the_dancefloor,
          grunt_lair_entry_orc_guard_hut, minmay_lindwurm_lava
D:11:     layout_big_octagon, serial_shops, shop, minmay_circle_x, uniq_erica,
          uniq_sonja
D:12:     kennysheep_six_static_rooms, layout_long_grid, bloody_trog
Temple:   regret_index_temple_mists
Lair:1:   layout_regular_city, serial_bayou_pond_d, lemuel_fruit_fields,
          lemuel_fruit_tree
Lair:2:   layout_regular_city, grunt_megastairs_4
Lair:3:   gammafunk_mikee_crab_dinner, layout_loops_ring,
          minmay_shoals_entry_centaurs, grunt_megastairs_3

Skill      XL: |  1  2  3  4  5  6  7  8  9 10 11 12 |
---------------+-------------------------------------+-----
Fighting       | 4 5 6 7 9 11 | 11.5
Armour         | 4 5 6 7 |  7.8
Maces & Flails | 3 4 5 7 9 11 13 14 | 14.8
Shields        | 4 5 7 8 10 | 10.1
Dodging        | 1 2 3 4 |  4.0
Evocations     | 1 |  1.7
Unarmed Combat | 1 |  1.2
Stealth        | |  0.4
Invocations    | |  0.3

Action                   |  1- 3 |  4- 6 |  7- 9 | 10-12 | 13-15 || total
-------------------------+-------+-------+-------+-------+-------++-------
Melee: Flail             |   123 |   302 |    56 |   521 |   122 ||  1124
       Mace              |       |       |   282 |   370 |       ||   652
       Unarmed           |       |       |       |    19 |       ||    19
Throw: Throwing net      |       |       |       |     1 |       ||     1
Invok: Depart the Abyss  |       |       |       |     1 |       ||     1
Evoke: Wand              |       |       |    15 |    14 |       ||    29
  Use: Potion            |       |     2 |     2 |    11 |     2 ||    17
       Scroll            |       |       |       |    12 |     1 ||    13
Armor: Scale mail        |    64 |   119 |       |       |       ||   183
       Ring mail         |       |    42 |   117 |       |       ||   159
       Troll leather arm |       |       |     3 |   338 |    87 ||   428
       Skin              |       |       |       |    62 |       ||    62
Dodge: Dodged            |    53 |   165 |   266 |   578 |   123 ||  1185
Block: Buckler           |    17 |    63 |    77 |   233 |    53 ||   443
